Map: Temple gelé

Players

TTknight - Winner!

  • Race: Terran Terran
  • League: Platinum

pupu

  • Race: Protoss Protoss
  • League: Gold

VOD

Have the link to the VOD?

Description

Time

  • Played on: April 19, 2016, 9:09 a.m.
  • Length: 8:35
Show
View Real Time Build Order
Export as new Build Order

TTknight Terran - Winner!

Build Orders: MMM Bio 

Get SALT Encoding   

  12  0:01  SCV  
  13  0:13  SCV  
  14  0:18  Supply Depot  
  14  0:29  SCV  
  15  0:44  Barracks  
  15  0:49  SCV  
  16  0:52  Refinery  
  16  1:08  SCV  
  17  1:31  Orbital Command  
  17  1:36  Refinery  
  18  1:51  Barracks Reactor  
  17  1:58  SCV  
  18  2:10  SCV  
  19  2:22  SCV  
  20  2:24  Supply Depot  
  20  2:31  Factory  
  20  2:34  SCV  
  21  2:39  Barracks Tech Lab  
  21  2:46  SCV  
  22  2:52  Command Center  
  22  2:58  SCV  
  22  3:00  Marine  
  22  3:02  Stimpack  
  24  3:10  SCV  
  25  3:13  Supply Depot  
  25  3:15  Hellion x2  
  25  3:18  Marine  
  30  3:36  Marine, Hellion x2  
  30  3:38  Starport, SCV  
  36  3:56  Marine  
  36  3:58  Hellion  
  39  4:03  Hellion  
  39  4:07  Supply Depot  
  41  4:14  Marine  
  41  4:16  Starport Reactor  
  42  4:18  Orbital Command  
  42  4:19  Hellion  
  44  4:25  Widow Mine  
  46  4:32  Marine  
  46  4:37  Engineering Bay  
  46  4:38  SCV  
  46  4:50  Marine, SCV  
  48  4:55  Barracks  
  48  4:59  Barracks  
  48  5:00  SCV  
  48  5:02  SCV  
  50  5:08  Marine  
  50  5:09  Widow Mine  
  50  5:13  Medivac x2  
  57  5:19  Terran Infantry Weapons Level 1  
  57  5:26  Refinery, Marine, Liberator  
  57  5:27  SCV  
  59  5:44  Supply Depot  
  59  5:46  Supply Depot  
  62  5:58  Barracks Tech Lab, Barracks Reactor  
  62  5:59  Combat Shields  
  62  6:02  SCV  
  56  6:15  Viking  
  57  6:26  Viking  
  57  6:30  SCV x2  
  61  6:35  Missile Turret  
  61  6:38  Missile Turret  
  61  6:41  Marine x4  
  61  6:42  SCV x2  
  61  6:47  Widow Mine  
  67  6:49  Medivac  
  71  6:54  SCV  
  71  6:55  SCV  
  71  6:59  Marine x2  
  75  7:06  Marine x2, SCV  
  78  7:26  Marine, SCV  
  74  7:31  Marauder, Marine x2  
  72  7:44  Marine  
  72  7:49  Marauder, Marine  
  72  7:52  Marine  
  72  7:58  Medivac x2  
  77  7:59  SCV  
  77  8:04  Supply Depot  
  82  8:28  Supply Depot  
Show
View Real Time Build Order
Export as new Build Order

pupu Protoss 

Build Orders:  

Get SALT Encoding   

  12  0:01  Probe (Chrono Boost)  
  13  0:11  Probe (Chrono Boost)  
  14  0:18  Pylon  
  14  0:23  Probe (Chrono Boost)  
  15  0:37  Probe (Chrono Boost)  
  15  0:41  Gateway  
  16  0:47  Probe (Chrono Boost)  
  17  0:51  Assimilator  
  17  0:58  Probe (Chrono Boost)  
  18  1:08  Probe (Chrono Boost)  
  19  1:17  Assimilator  
  19  1:19  Probe (Chrono Boost)  
  20  1:29  Cybernetics Core, Probe (Chrono Boost)  
  21  1:34  Pylon  
  21  1:40  Probe (Chrono Boost)  
  22  1:50  Probe (Chrono Boost)  
  22  1:52  Gateway  
  23  2:03  Gateway  
  23  2:11  Warp Gate (Chrono Boost)  
  23  2:13  Pylon  
  25  2:15  Sentry  
  25  2:17  Probe  
  26  2:30  Probe  
  26  2:31  Gateway  
  27  2:41  Stalker  
  29  2:45  Zealot  
  31  2:57  Robotics Facility  
  31  3:00  Probe  
  32  3:09  Stargate  
  32  3:12  Probe  
  33  3:24  Probe  
  33  3:53  Immortal  
  37  3:59  Stalker  
  39  4:22  Pylon  
  39  4:25  Pylon  
  39  4:27  Pylon  
  39  4:40  Probe, Oracle (Chrono Boost)  
  39  4:44  Stalker x4  
  51  4:52  Probe  
  52  5:04  Probe  
  52  5:05  Immortal  
  57  5:16  Oracle (Chrono Boost)  
  60  5:25  Nexus  
  60  5:31  Pylon  
  60  5:34  Probe  
  61  5:44  Stalker  
  61  5:49  Probe  
  64  6:08  Pylon x2  
  61  6:28  Zealot x4  
  69  6:42  Probe  
  69  6:44  Probe, Gateway  
  69  6:46  Gateway  
  71  6:51  Pylon  
  71  6:55  Assimilator  
  71  6:57  Sentry x2  
  75  7:11  Void Ray (Chrono Boost)  
  61  7:31  Zealot x4  
  57  7:41  Zealot  
  33  8:11  Zealot x2  
  33  8:12  Zealot x3  
Tags
 
Add a new tag
Caveats
  • Supply blocks, unpowered buildings, or Contaminate may cause inaccurate times.
  • Supply counts are checked every 10 seconds.